Map: Thunderbird LE

Players

Serral - Winner!

  • Race: Zerg Zerg
  • League: Grandmaster
  • Spawn Location: 11:00

PtitDrogo

  • Race: Protoss Protoss
  • League: Master
  • Spawn Location: 5:00

Event: 2019 Assembly Summer

VOD

Have the link to the VOD?

Description

Time

  • Played on: Aug. 2, 2019, 10:14 a.m.
  • Length: 15:41

All games in this series

Show
View Real Time Build Order
Export as new Build Order

Serral Zerg - Winner!

Build Orders: Hatch First, Brood Lord Corruptor 

Get SALT Encoding   

  12  0:00  Drone  
  13  0:12  Overlord  
  13  0:16  Drone  
  14  0:31  Drone x2  
  16  0:40  Drone  
  17  0:51  Hatchery  
  17  0:55  Drone  
  17  0:57  Drone  
  18  1:09  Extractor  
  17  1:12  Spawning Pool  
  17  1:16  Drone  
  17  1:20  Drone  
  18  1:27  Drone  
  19  1:39  Overlord  
  19  1:49  Drone  
  20  1:59  Queen  
  20  2:00  Zergling x2  
  23  2:03  Zergling x2, Queen  
  26  2:09  Metabolic Boost  
  26  2:11  Drone  
  26  2:14  Drone  
  28  2:21  Drone  
  29  2:25  Drone  
  30  2:32  Drone  
  31  2:40  Hatchery  
  30  2:45  Overlord  
  30  2:50  Queen  
  32  2:53  Zergling x2  
  32  2:55  Drone  
  32  2:57  Drone  
  35  3:01  Drone  
  36  3:11  Zergling x6  
  36  3:12  Zergling x2  
  40  3:18  Drone x3  
  42  3:21  Drone  
  42  3:23  Drone  
  44  3:32  Overlord  
  44  3:34  Spore Crawler  
  44  3:36  Drone  
  43  3:52  Queen  
  43  3:54  Overlord  
  45  3:56  Drone x5  
  45  3:59  Queen  
  51  4:04  Drone x2  
  51  4:06  Drone  
  51  4:08  Drone  
  51  4:09  Drone  
  55  4:14  Drone  
  55  4:15  Spore Crawler  
  54  4:18  Drone x2  
  54  4:21  Drone x2  
  58  4:25  Drone x2  
  58  4:29  Overlord  
  58  4:30  Drone  
  61  4:32  Drone  
  61  4:33  Drone  
  61  4:36  Spore Crawler  
  61  4:39  Drone x3  
  61  4:40  Drone  
  61  4:44  Lair  
  63  4:49  Zergling x4  
  65  4:53  Spore Crawler  
  65  4:55  Zergling x8  
  65  4:58  Drone x2  
  70  5:06  Extractor  
  69  5:07  Evolution Chamber  
  69  5:08  Drone x3  
  69  5:12  Drone  
  72  5:15  Zergling x4  
  72  5:17  Overlord x2  
  73  5:23  Drone  
  73  5:26  Extractor x2  
  70  5:30  Drone x3  
  70  5:33  Drone, Extractor  
  70  5:35  Drone x2  
  75  5:37  Overlord  
  75  5:38  Hatchery  
  74  5:44  Baneling Nest, Hydralisk Den  
  74  5:45  Drone x7  
  79  5:53  Drone x2  
  79  5:57  Zerg Melee Weapons Level 1, Extractor  
  80  6:02  Zergling x14  
  87  6:09  Drone  
  87  6:11  Zergling x4  
  90  6:14  Muscular Augments  
  90  6:17  Hydralisk x3  
  96  6:22  Overlord  
  96  6:23  Overseer  
  96  6:24  Hydralisk x2  
  97  6:26  Overlord x3  
  97  6:32  Centrifical Hooks  
  97  6:35  Overlord x2  
  97  6:39  Pneumatized Carapace  
  97  6:40  Drone, Evolution Chamber  
  97  6:41  Overlord  
  97  6:45  Hydralisk x2, Overlord  
  100  6:53  Drone x7  
  107  6:58  Drone x2  
  107  6:59  Drone  
  110  7:03  Queen  
  110  7:07  Hydralisk x2, Zerg Missile Weapons Level 1  
  115  7:10  Hydralisk x2  
  115  7:13  Hydralisk  
  115  7:14  Hydralisk  
  122  7:24  Hydralisk x4  
  129  7:36  Hydralisk, Overlord x2  
  129  7:37  Hydralisk x4  
  129  7:44  Zergling x20  
  149  7:53  Baneling x8  
  149  7:57  Zerg Melee Weapons Level 2  
  147  8:03  Infestation Pit, Drone  
  147  8:04  Drone x5  
  147  8:05  Drone  
  153  8:10  Zergling x16  
  160  8:14  Grooved Spines  
  160  8:15  Hatchery  
  160  8:19  Overlord x2  
  159  8:22  Zergling x12  
  165  8:29  Overlord  
  162  8:35  Zergling x16  
  162  8:41  Hive  
  169  8:43  Drone x4, Spire  
  169  8:44  Extractor  
  169  8:47  Baneling x8  
  169  8:48  Baneling x3, Zergling x8  
  171  8:52  Overlord  
  175  8:58  Zergling x10  
  175  9:04  Drone x2  
  175  9:06  Baneling x11  
  174  9:10  Zergling x4  
  174  9:17  Zergling x10  
  175  9:27  Queen  
  175  9:28  Zerg Missile Weapons Level 2  
  175  9:30  Baneling x12  
  175  9:31  Drone x3  
  179  9:32  Zergling x10  
  179  9:33  Zergling x14  
  170  9:47  Hydralisk x2, Zergling x2  
  170  9:48  Zergling x10  
  152  9:53  Zergling x2  
  152  9:54  Zergling x8  
  152  9:55  Adrenal Glands  
  152  9:56  Greater Spire  
  152  9:59  Baneling x5  
  157  10:04  Zergling x22  
  157  10:07  Baneling x6  
  168  10:08  Baneling  
  168  10:14  Zergling x2  
  168  10:15  Zergling x10  
  168  10:19  Extractor  
  168  10:20  Drone x3  
  176  10:23  Baneling  
  176  10:24  Baneling x11  
  174  10:34  Zergling x10  
  174  10:35  Zergling x8  
  182  10:45  Corruptor x4  
  182  10:49  Overlord  
  189  10:50  Corruptor, Extractor  
  189  10:55  Spore Crawler  
  181  10:58  Spine Crawler  
  181  10:59  Corruptor x2  
  183  11:09  Extractor  
  179  11:17  Brood Lord  
  173  11:19  Zergling x8  
  173  11:20  Zergling x10  
  173  11:21  Brood Lord x2  
  188  11:25  Brood Lord  
  188  11:28  Zergling x2  
  188  11:29  Zergling x12  
  188  11:31  Brood Lord  
  192  11:43  Zergling x2, Brood Lord  
  192  11:44  Zergling x28  
  191  11:52  Zergling x4  
  191  11:53  Zergling x16  
  156  12:10  Hydralisk x5, Zergling x2  
  156  12:11  Zergling x4  
  159  12:20  Zergling x10  
  145  12:32  Extractor  
  145  12:33  Drone x2  
  145  12:34  Drone, Corruptor x3  
  145  12:35  Queen x2  
  145  12:36  Queen x3  
  157  12:37  Corruptor x2  
  157  12:43  Zergling x4  
  159  12:52  Zergling x6  
  159  12:57  Zergling x6  
  165  13:01  Corruptor x2  
  169  13:06  Pathogen Glands, Zerg Flyer Weapons Level 1  
  169  13:09  Brood Lord x5  
  169  13:11  Corruptor x2  
  169  13:12  Burrow  
  183  13:25  Zergling x20  
  189  13:28  Overseer x2  
  188  13:36  Corruptor x2  
  187  13:46  Corruptor x2  
  183  14:05  Zergling x18  
  183  14:06  Corruptor x2  
  192  14:11  Hatchery, Brood Lord  
  192  14:13  Viper  
  196  14:18  Overseer  
  196  14:22  Hatchery  
  195  14:29  Spore Crawler  
  195  14:30  Spore Crawler x2  
  192  14:34  Corruptor  
  192  14:35  Corruptor x2  
  196  14:52  Zergling x10  
  198  15:16  Overseer x2  
Show
View Real Time Build Order
Export as new Build Order

PtitDrogo Protoss 

Build Orders: 1 Gate Expand, Oracle Opening, Archon Immortal 

Get SALT Encoding   

  12  0:00  Probe  
  13  0:12  Probe  
  14  0:19  Pylon  
  14  0:25  Probe  
  15  0:34  Probe  
  15  0:42  Probe  
  16  0:43  Gateway  
  17  0:52  Probe  
  17  0:54  Assimilator  
  18  1:04  Probe  
  19  1:16  Probe  
  20  1:28  Nexus  
  20  1:38  Cybernetics Core  
  20  1:41  Probe  
  20  1:45  Assimilator  
  21  1:53  Probe  
  22  1:56  Pylon  
  22  2:04  Adept  
  22  2:05  Probe  
  25  2:17  Probe  
  25  2:21  Stargate  
  26  2:27  Warp Gate  
  26  2:30  Probe  
  26  2:36  Probe, Stalker  
  28  2:38  Probe  
  30  2:44  Probe  
  30  2:46  Probe  
  32  2:54  Probe  
  32  2:57  Probe  
  34  2:59  Oracle  
  34  3:10  Probe  
  34  3:11  Probe  
  39  3:13  Pylon  
  39  3:22  Probe  
  39  3:23  Probe  
  41  3:29  Oracle  
  41  3:32  Gateway  
  41  3:34  Probe  
  45  3:47  Probe  
  46  3:49  Probe  
  46  3:51  Pylon  
  47  4:02  Oracle  
  47  4:03  Shield Battery, Pylon  
  47  4:05  Pylon x2  
  49  4:12  Probe  
  49  4:14  Probe  
  49  4:15  Adept  
  53  4:24  Probe  
  53  4:27  Adept  
  55  4:33  Nexus  
  55  4:34  Probe  
  55  4:36  Probe  
  56  4:42  Probe  
  56  4:48  Assimilator  
  56  4:49  Probe  
  56  4:50  Probe, Assimilator  
  59  5:00  Probe  
  59  5:01  Probe  
  59  5:03  Robotics Facility  
  61  5:07  Twilight Council  
  61  5:09  Forge  
  61  5:13  Probe x2  
  63  5:25  Probe x2  
  61  5:33  Charge  
  61  5:35  Protoss Ground Weapons Level 1  
  61  5:37  Probe x2, Pylon  
  61  5:38  Gateway  
  61  5:40  Gateway  
  63  5:44  Probe  
  63  5:46  Templar Archives  
  63  5:47  Probe  
  63  5:49  Probe  
  66  5:52  Probe  
  66  5:54  Observer  
  66  5:55  Probe  
  68  6:00  Sentry  
  68  6:01  Probe  
  68  6:02  Probe  
  68  6:03  Probe  
  68  6:04  Pylon  
  72  6:06  Gateway  
  72  6:07  Gateway  
  74  6:13  Probe  
  74  6:14  Probe  
  74  6:15  Probe  
  74  6:17  Stalker  
  79  6:26  Probe  
  79  6:27  Probe  
  79  6:28  Assimilator  
  79  6:30  Assimilator  
  79  6:31  Adept  
  83  6:33  Probe  
  83  6:38  Probe, Psionic Storm  
  83  6:39  Gateway, Probe  
  86  6:40  Gateway  
  86  6:42  Robotics Facility  
  86  6:45  Probe  
  87  6:50  Probe  
  87  6:51  Probe  
  89  6:57  Pylon  
  89  7:01  Zealot x5  
  97  7:03  Zealot  
  98  7:21  Zealot x5  
  107  7:24  Pylon  
  107  7:35  High Templar x3  
  110  7:38  Immortal  
  110  7:39  Immortal  
  118  7:44  Protoss Ground Weapons Level 2  
  118  7:45  Nexus  
  118  7:48  Pylon  
  118  7:49  High Templar x2  
  122  8:05  Probe  
  122  8:06  Probe  
  122  8:10  Immortal x2  
  124  8:16  Probe  
  124  8:18  Probe  
  134  8:27  Probe  
  134  8:33  Photon Cannon  
  134  8:34  High Templar x2, Shield Battery  
  133  8:35  High Templar, Pylon  
  133  8:36  Zealot x2  
  133  8:39  Archon  
  141  8:45  Assimilator  
  141  8:47  Immortal, Assimilator  
  141  8:53  Probe x3  
  141  8:54  Immortal  
  148  8:55  Gateway  
  148  8:56  Gateway  
  148  9:00  Probe  
  146  9:21  High Templar x3  
  146  9:26  High Templar, Immortal, Archon  
  146  9:27  Zealot x4  
  158  9:32  Archon  
  158  9:33  Immortal  
  152  9:48  Zealot x4  
  152  9:49  Archon  
  152  9:52  Zealot x2  
  131  10:00  Shield Battery  
  131  10:01  High Templar x3  
  131  10:03  Immortal  
  141  10:07  Immortal  
  141  10:10  Probe  
  146  10:17  High Templar x3  
  152  10:22  Nexus  
  152  10:23  Pylon  
  152  10:29  Nexus  
  152  10:30  Protoss Ground Weapons Level 3  
  152  10:34  Warp Prism  
  152  10:36  Blink  
  152  10:39  High Templar x2  
  152  10:40  Zealot x4  
  166  10:44  Pylon  
  166  10:46  Pylon x2  
  166  10:47  Archon  
  166  10:48  Pylon  
  166  10:53  Nexus  
  166  10:56  Pylon  
  158  11:01  Zealot  
  158  11:02  Zealot x5  
  162  11:13  Probe  
  162  11:15  Fleet Beacon  
  162  11:16  Photon Cannon  
  162  11:18  Photon Cannon  
  159  11:20  Photon Cannon  
  159  11:22  Shield Battery  
  159  11:27  High Templar x4, Assimilator  
  159  11:28  Zealot x6  
  159  11:29  Assimilator  
  176  11:34  Archon x2  
  162  11:50  Stalker x6  
  170  12:00  Zealot x4  
  158  12:09  Tempest  
  145  12:16  Zealot x6  
  145  12:20  Archon  
  145  12:21  Stalker x4  
  103  12:37  Tempest  
  101  12:45  Zealot x10  
  107  12:56  Stargate  
  107  12:57  Probe  
  113  13:07  High Templar x8  
  113  13:08  Mothership  
  113  13:11  Archon x2  
  129  13:19  Phoenix  
  129  13:25  Observer  
  132  13:29  Tempest  
  136  13:37  Warp Prism  
  134  13:45  Probe x2  
  134  13:48  Zealot x6, Pylon  
  139  13:51  Probe  
  139  13:53  Pylon  
  150  13:57  Tempest  
  150  14:04  Tempest  
  150  14:09  Probe  
  154  14:11  Pylon  
  159  14:22  High Templar x2  
  159  14:23  High Templar x2, Zealot  
  159  14:24  Zealot x4  
  175  14:27  Archon  
  177  14:45  Zealot x6  
  189  14:51  Probe  
  190  14:55  Zealot x4  
  190  14:56  Pylon  
  190  14:57  Probe, Pylon  
  190  14:59  Probe  
  198  15:00  Probe  
  197  15:11  Photon Cannon  
  197  15:13  Probe, Photon Cannon  
  194  15:15  Zealot x2  
  194  15:16  Probe  
  194  15:19  High Templar x2  
  149  15:29  Probe  
  149  15:30  Stalker x4  
  149  15:32  Archon x2  
  149  15:34  Stalker  
Tags
 
Add a new tag
Caveats
  • Supply blocks, unpowered buildings, or Contaminate may cause inaccurate times.
  • Supply counts are checked every 10 seconds.